 Dungeon Crawl Stone Soup version 0.30-a0-141-g30f27751c5 (webtiles) character file.

Game seed: 6451312249806214621

36 qw the Chopper (level 3, -14/23 HPs)
             Began as a Gargoyle Fighter on Sept 25, 2022.
             Demolished by Robin
             ... wielding a +1 falchion of distortion
              (26 damage)
             ... on level 2 of the Dungeon.
             The game lasted 00:00:28 (800 turns).

qw the Chopper (Gargoyle Fighter)                    Turns: 800, Time: 00:00:28

Health: -14/23     AC: 10    Str: 21    XL:     3   Next: 37%
Magic:  3/3        EV:  9    Int:  8    God:
Gold:   41         SH:  4    Dex:  9    Spells: 2/2 levels left

rFire   . . .      SeeInvis .    Y - +0 war axe
rCold   . . .      Faith    .    c - +0 buckler
rNeg    + . .      Spirit   .    b - +0 scale mail
rPois   inf        Reflect  .    (no helmet)
rElec   +          Harm     .    (no cloak)
rCorr   .          Rampage  .    (no gloves)
Will    .....                    (no boots)
Stlth   ..........               (no amulet)
HPRegen 0.07/turn                (no ring)
MPRegen 0.08/turn                (no ring)

@: no status effects
A: sickness immunity, AC +3, negative energy resistance 1, electricity
resistance, torment resistance 1, petrification resistance
a: no special abilities


You were on level 2 of the Dungeon.
You visited 1 branch of the dungeon, and saw 2 of its levels.

You collected 41 gold pieces.


Innate Abilities, Weirdness & Mutations

You are immune to sickness and miasma.
Your stone body is resilient. (AC +3)
You are immune to poison.
You resist negative energy. (rN+)
You are resistant to electric shocks. (rElec)
You are resistant to unholy torment.
You are immune to petrification.


   Skills:
 - Level 3.2 Fighting
 + Level 3.3 Axes
 - Level 3.2 Armour
 - Level 3.2 Shields


You had 2 spell levels left.
You didn't know any spells.
Your spell library was empty.

Inventory:

Hand Weapons
 i - a +0 mace
 Y - a +0 war axe (weapon)
Armour
 b - a +0 scale mail (worn)
 c - a +0 buckler (worn)
Scrolls
 a - 2 scrolls of identify
Potions
 d - a potion of might
 e - a potion of lignification
 g - a potion of curing
 h - a potion of degeneration {unknown}
 j - a potion of magic {unknown}

Dungeon Overview and Level Annotations

Branches:
Dungeon (2/15)

Altars:

Annotations:
D:2 Robin


Message History

Robin is wielding a +1 falchion of distortion and carrying a wand of quicksilver (8).
Robin shouts!
The hobgoblin shouts!
The goblin shouts!
The goblin shoots a sling bullet.
The sling bullet hits you but does no damage.
Robin roars a battlecry!
The goblins go into a battle-frenzy!
The hobgoblin moves out of view.
You hear a shout!
Things that are here:
a +0 club; a goblin corpse A hobgoblin comes into view.
The hobgoblin shouts!
The goblin unwields a +0 sling.
The goblin wields a +0 club.
The goblin misses you.
Robin points. "Kill!"
Robin throws the goblin at you! The goblin hits you with a +0 club.
There is an escape hatch in the ceiling here.
You barely miss the goblin. You closely miss the goblin.
The goblin hits you but does no damage. Robin throws the goblin at you!
The goblin hits you with a +0 club.
A hobgoblin comes into view.
You block the goblin's attack.
You hit the goblin.
The goblin is moderately wounded.
You slash the goblin!
You kill the goblin!
You closely miss the goblin.
A goblin comes into view. It is wielding a +0 dagger.
The goblin barely misses you. The goblin hits you but does no damage.
You barely miss the goblin.
The goblin is moderately wounded.
You slash Robin! You hit the goblin.
You kill the goblin!
A goblin comes into view. It is wielding a +0 dagger.
The goblin hits you but does no damage. Robin barely misses you.
A goblin comes into view. It is wielding a +0 dagger of speed.
The goblin hits you with a +0 club. Robin hits you but does no damage.
Space warps horribly around you!!
Ouch! That really hurt!
You die... #.. .[ #### #.##.# #gg ##.##.# ggg

...... #g# #.##.# # #g#
##.##.##.###
#..###@#####...#.......
......g)).........#
##........###...#.#
#.?###.#.###...#.# #.
#.#.##......# #
...!........##.###
#....##...%>.......
..........<..##....
##...#####.#.## ###


You could see Robin, 3 hobgoblins and 4 goblins.

Vanquished Creatures
  2 endoplasms (D:1)
  3 giant cockroaches (D:1)
  2 hobgoblins (D:1)
  7 jackals (D:1)
  A quokka (D:1)
  2 ball pythons
  2 bats (D:1)
  3 frilled lizards (D:1)
  7 goblins
  2 kobolds (D:1)
  3 rats (D:1)
34 creatures vanquished.

Notes
Turn   | Place    | Note
-------+----------+-------------------------------------------
     0 | D:1      | qw the Gargoyle Fighter began the quest for the Orb.
     0 | D:1      | Reached XP level 1. HP: 14/14 MP: 1/1
     0 | D:1      | 0 ||| qw: Version: 0.2-a-10-g399e6c4
     0 | D:1      | 0 ||| qw: Game counter: 221
     0 | D:1      | 0 ||| qw: Always use a shield: true
     0 | D:1      | 0 ||| qw: God list: Okawaru
     0 | D:1      | 0 ||| qw: Allow faded altars: false
     0 | D:1      | 0 ||| qw: Do Orc after D:15 true
     0 | D:1      | 0 ||| qw: Do second Lair branch before Depths: true
     0 | D:1      | 0 ||| qw: Lair rune preference: random
     0 | D:1      | 0 ||| qw: Plans: Normal, Zot:1-4, God:TSO, Crypt, Tomb,
                  | Pan, Slime:5, Hells, Abyss, Orb
     0 | D:1      | 0 ||| PLANNING D:1-11
    16 | D:1      | 16 ||| Stepping ~*~*~tactically~*~*~ (stealth).
    19 | D:1      | 19 ||| Stepping ~*~*~tactically~*~*~ (stealth).
   116 | D:1      | 116 ||| Stepping ~*~*~tactically~*~*~ (stealth).
   125 | D:1      | 125 ||| Stepping ~*~*~tactically~*~*~ (stealth).
   131 | D:1      | Reached XP level 2. HP: 17/19 MP: 2/2
   240 | D:1      | 240 ||| READING 2 scrolls labelled TOPRAR LEWK.
   241 | D:1      | 241 ||| Stepping randomly (stuck).
   385 | D:1      | 385 ||| Stepping ~*~*~tactically~*~*~ (stealth).
   393 | D:1      | Reached skill level 3 in Axes
   483 | D:1      | Reached XP level 3. HP: 23/23 MP: 3/3
   530 | D:1      | 530 ||| DROPPING +0 club.
   733 | D:1      | 733 ||| READING scroll labelled HYLYCY SIAC.
   734 | D:1      | 734 ||| DRINKING 2 glowing sapphire potions.
   735 | D:1      | 735 ||| READING 2 scrolls of identify.
   735 | D:1      | 735 ||| IDENTIFYING viscous pink potion
   793 | D:2      | 793 ||| Stepping ~*~*~tactically~*~*~ (hiding).
   796 | D:2      | Noticed Robin
   800 | D:2      | Demolished by Robin

Levels and vault maps discovered:
D:1:      lemuel_arrival_lava_pool, layout_basic, due_unseen_surprise
D:2:      layout_loops_ring, uniq_robin

Skill      XL: |  1  2 |
---------------+-------+-----
Axes           | 2 3 |  3.3
Fighting       | |  3.2
Armour         | |  3.2
Shields        | |  3.2

Action                   || total
-------------------------++-------
Melee: War axe           ||    79
  Use: Scroll            ||     3
       Potion            ||     1
Armor: Scale mail        ||    40
Dodge: Dodged            ||    37
Block: Buckler           ||    15

Table legend:
 A = Non-vault XP
 B = Vault XP
 C = Vault XP percentage of total XP
 D = Non-vault monster count
 E = Vault monster count
 F = Vault count percentage of total count
                 A         B        C        D         E       F
            +---------+---------+-------+---------+---------+-------
      Total |      48 |       6 |  11.1 |      31 |       3 |   8.8
            +---------+---------+-------+---------+---------+-------
        D:1 |      47 |       0 |   0.0 |      30 |       0 |   0.0
        D:2 |       1 |       6 |  85.7 |       1 |       3 |  75.0
            +---------+---------+-------+---------+---------+-------
